Map: Orbital Shipyard

Players

Miszu - Winner!

  • Race: Terran Terran
  • League: Diamond

Goomba

  • Race: Terran Terran
  • League: Master

VOD

Have the link to the VOD?

Description

Time

  • Played on: March 25, 2016, 6:13 p.m.
  • Length: 10:26
Show
View Real Time Build Order
Export as new Build Order

Miszu Terran - Winner!

Build Orders: 1/1/1, Bio Tank 

Get SALT Encoding   

  12  0:01  SCV  
  13  0:13  SCV  
  14  0:18  Supply Depot  
  14  0:25  SCV  
  15  0:40  SCV  
  15  0:41  Barracks  
  16  0:44  Refinery  
  16  0:52  SCV  
  17  0:59  Refinery  
  17  1:04  SCV  
  18  1:16  SCV  
  19  1:28  Orbital Command  
  19  1:35  Factory  
  19  1:37  Marine  
  20  1:41  Supply Depot  
  20  1:54  SCV  
  20  1:56  Marine  
  22  2:06  SCV  
  23  2:18  SCV  
  24  2:23  Starport  
  24  2:24  Factory Tech Lab  
  24  2:25  Marine  
  25  2:31  Hellion  
  25  2:32  SCV  
  27  2:37  Supply Depot  
  27  2:44  SCV  
  27  2:45  Marine  
  29  2:53  Hellion  
  31  2:59  SCV  
  31  3:03  Medivac  
  34  3:10  Marine  
  34  3:11  SCV  
  36  3:23  SCV  
  36  3:25  Hellion  
  39  3:40  Supply Depot  
  39  3:44  Barracks Reactor  
  39  3:47  Factory Tech Lab  
  39  4:01  SCV  
  40  4:03  Command Center  
  40  4:08  Siege Tank  
  43  4:13  SCV  
  44  4:30  SCV  
  42  4:42  SCV  
  42  4:44  Command Center  
  38  4:53  Marine x2  
  38  4:54  SCV  
  38  4:58  Barracks  
  38  4:59  Barracks  
  36  5:03  Starport Reactor  
  36  5:07  SCV  
  37  5:12  Marine x2  
  37  5:14  Siege Tank  
  42  5:19  Orbital Command  
  42  5:22  SCV  
  43  5:34  SCV  
  44  5:36  Engineering Bay  
  44  5:45  SCV  
  44  5:46  Barracks Tech Lab x2, Siege Tank, SCV  
  49  5:51  Marine  
  49  5:52  Marine  
  51  5:57  SCV  
  51  5:58  SCV, Orbital Command  
  51  6:02  Engineering Bay  
  51  6:03  Refinery  
  53  6:05  Refinery  
  53  6:08  Stimpack  
  53  6:13  SCV  
  53  6:14  SCV  
  53  6:17  Combat Shields  
  55  6:25  Supply Depot  
  55  6:26  SCV x2  
  55  6:27  SCV  
  55  6:31  Medivac x2  
  62  6:33  Marine  
  62  6:34  Marine  
  62  6:38  SCV x2  
  62  6:39  Siege Tank  
  69  6:48  Marine  
  69  6:49  Terran Infantry Weapons Level 1, Terran Infantry Armor Level 1  
  69  6:50  Marine  
  69  6:51  Marine  
  69  6:52  Marine  
  73  6:58  Missile Turret  
  71  7:02  Medivac  
  71  7:06  Marine  
  73  7:08  Marine  
  73  7:09  Marine  
  73  7:10  Marine  
  76  7:24  Marine  
  76  7:26  Supply Depot, Marine  
  76  7:28  Supply Depot x2  
  76  7:29  Armory  
  78  7:41  Marine  
  78  7:42  Barracks Reactor  
  77  7:48  Marine, Medivac x2  
  77  7:50  Supply Depot x2  
  82  7:52  Supply Depot  
  82  8:00  Marine  
  82  8:03  Siege Tank  
  86  8:05  Marine  
  87  8:18  Marine x2  
  87  8:19  Marine  
  89  8:23  Marine  
  91  8:32  Barracks  
  91  8:33  Barracks  
  88  8:35  Siege Tank  
  88  8:36  Marine x2  
  88  8:37  Marine  
  91  8:41  Marine  
  91  8:42  Medivac x2  
  93  8:54  Marine x2  
  93  8:55  Marine  
  95  9:01  Marine  
  98  9:10  Siege Tank  
  98  9:12  Marine x2  
  98  9:13  Marine  
  101  9:19  Marine  
  97  9:29  Marine  
  97  9:30  Marine, Orbital Command  
  97  9:31  Marine  
  98  9:32  Medivac x2  
  94  9:42  Siege Tank  
  97  9:46  SCV x2  
  97  9:51  Barracks Reactor  
  99  9:58  SCV x3  
  99  9:59  Barracks Reactor  
  102  10:05  Marine  
  102  10:10  SCV x3  
Show
View Real Time Build Order
Export as new Build Order

Goomba Terran 

Build Orders: Reaper Expand, MMM Bio 

Get SALT Encoding   

  12  0:01  SCV  
  13  0:14  SCV  
  13  0:19  Supply Depot  
  14  0:26  SCV  
  15  0:40  SCV  
  16  0:42  Barracks  
  16  0:47  Refinery  
  16  0:53  SCV  
  17  1:05  SCV  
  18  1:17  SCV  
  19  1:31  Reaper, Orbital Command  
  20  1:44  Command Center  
  20  1:52  Refinery  
  20  1:58  SCV  
  21  2:02  Supply Depot  
  21  2:10  SCV  
  21  2:13  Barracks Reactor  
  22  2:22  SCV  
  23  2:25  Factory  
  23  2:41  SCV  
  23  2:53  SCV  
  23  2:56  Marine x2  
  23  2:58  Orbital Command  
  26  3:09  Starport  
  26  3:10  Factory Tech Lab  
  26  3:12  SCV  
  27  3:14  Marine x2  
  29  3:24  SCV x2  
  31  3:30  Siege Tank  
  34  3:34  Barracks  
  34  3:36  Marine, Barracks  
  34  3:37  Marine  
  36  3:44  SCV  
  36  3:45  SCV  
  38  3:48  Viking  
  38  3:54  Supply Depot  
  40  3:57  Marine x2  
  42  4:04  SCV x2  
  44  4:15  Supply Depot  
  44  4:16  Siege Tank  
  41  4:43  SCV x2  
  38  4:54  Marine x2  
  38  4:56  Barracks Tech Lab x2  
  40  5:03  Medivac  
  40  5:05  SCV x2  
  44  5:09  Refinery  
  44  5:15  Marine x3  
  44  5:16  Marine  
  44  5:17  SCV x2  
  50  5:21  Supply Depot  
  50  5:24  Supply Depot  
  50  5:29  SCV x2  
  50  5:30  Stimpack  
  52  5:39  Starport Reactor  
  52  5:41  SCV x2  
  54  5:49  Marine x3  
  57  5:50  Marine, Siege Tank  
  61  5:59  SCV x2  
  61  6:01  Supply Depot  
  63  6:07  Combat Shields  
  63  6:14  Marine x4  
  63  6:17  SCV x2  
  69  6:20  Supply Depot  
  69  6:27  Viking, Siege Tank  
  69  6:31  Marine x2  
  69  6:32  Viking, Marine  
  78  6:52  Marine x3  
  78  6:53  Marine  
  82  6:57  SCV x2  
  82  6:59  Supply Depot  
  84  7:11  Viking x2  
  84  7:12  Siege Tank  
  91  7:19  Marine  
  91  7:20  Marine x3  
  91  7:21  SCV x2  
  97  7:25  Supply Depot x2  
  96  7:37  Marine x3  
  96  7:42  Viking  
  96  7:43  Viking, SCV  
  96  7:44  SCV  
  98  7:52  Marine, Siege Tank  
  98  7:55  Marine x2  
  104  8:05  Marine  
  104  8:07  SCV x2  
  104  8:09  Refinery  
  104  8:10  Marine  
  108  8:13  Command Center  
  108  8:14  Viking  
  108  8:24  Siege Tank  
  108  8:26  Viking  
  107  8:44  Marine x4  
  111  8:49  SCV x2  
  105  9:05  Marine x4  
  105  9:13  Barracks  
  105  9:14  Barracks  
  105  9:15  Engineering Bay  
  105  9:16  Engineering Bay  
  91  9:32  Medivac x2  
  93  9:40  Orbital Command  
  93  9:42  Factory  
  93  9:43  Factory  
  93  9:45  SCV x2  
  95  9:49  Marine  
  95  9:50  Marine x2  
  95  9:51  Marine  
  99  9:57  SCV x2  
  101  10:06  Barracks Reactor  
  105  10:09  SCV x2  
  105  10:11  SCV  
Tags
 
Add a new tag
Caveats
  • Supply blocks, unpowered buildings, or Contaminate may cause inaccurate times.
  • Supply counts are checked every 10 seconds.